Map: Blackpink LE

Players

HEMORRHOIDS - Winner!

  • Race: Protoss Protoss
  • League: Diamond
  • Spawn Location: 7:00

Akama

  • Race: Zerg Zerg
  • League: Master
  • Spawn Location: 1:00

VOD

Have the link to the VOD?

Description

Time

  • Played on: Dec. 11, 2017, 6:32 p.m.
  • Length: 13:36
Show
View Real Time Build Order
Export as new Build Order

HEMORRHOIDS Protoss - Winner!

Build Orders: Cannon Rush 

Get SALT Encoding   

  12  0:01  Probe  
  13  0:13  Probe  
  14  0:23  Pylon  
  14  0:25  Probe  
  15  0:45  Forge  
  15  1:07  Probe  
  16  1:20  Probe  
  16  1:21  Pylon  
  17  1:25  Pylon  
  17  1:26  Pylon  
  17  1:28  Pylon  
  17  1:32  Probe  
  18  1:39  Photon Cannon  
  18  1:44  Probe  
  18  1:45  Photon Cannon  
  19  1:47  Photon Cannon  
  19  2:14  Photon Cannon  
  19  2:20  Photon Cannon  
  19  2:28  Pylon  
  19  2:46  Nexus  
  19  2:49  Assimilator  
  19  2:51  Assimilator  
  19  2:55  Probe  
  19  2:57  Gateway  
  20  2:59  Pylon  
  20  3:02  Photon Cannon  
  20  3:08  Probe  
  21  3:20  Probe  
  22  3:35  Pylon  
  22  3:36  Probe  
  23  3:48  Probe  
  24  3:50  Cybernetics Core  
  24  3:55  Photon Cannon x2  
  24  4:01  Probe  
  25  4:03  Probe  
  26  4:11  Pylon  
  26  4:14  Assimilator  
  26  4:15  Probe  
  27  4:18  Assimilator  
  27  4:26  Photon Cannon  
  27  4:29  Photon Cannon  
  26  4:42  Stargate  
  26  4:43  Stargate  
  26  4:44  Probe (Chrono Boost)  
  28  4:56  Probe (Chrono Boost)  
  28  4:58  Probe  
  29  5:10  Probe  
  30  5:23  Pylon  
  30  5:26  Void Ray x2 (Chrono Boost)  
  38  5:39  Probe  
  39  5:45  Pylon  
  43  6:04  Void Ray (Chrono Boost)  
  43  6:09  Void Ray (Chrono Boost)  
  47  6:27  Photon Cannon  
  47  6:28  Pylon  
  47  6:38  Void Ray (Chrono Boost), Stargate  
  42  7:04  Void Ray  
  46  7:34  Pylon  
  46  7:52  Void Ray (Chrono Boost)  
  53  8:27  Void Ray (Chrono Boost)  
  45  8:52  Forge  
  45  8:56  Probe  
  46  9:07  Pylon x2  
  46  9:09  Probe  
  47  9:25  Probe, Void Ray (Chrono Boost)  
  44  9:51  Photon Cannon  
  44  9:54  Photon Cannon  
  44  9:56  Gateway  
  48  10:07  Void Ray (Chrono Boost)  
  47  10:40  Void Ray  
  51  11:07  Cybernetics Core  
  51  11:16  Probe (Chrono Boost)  
  52  11:23  Void Ray (Chrono Boost)  
  57  11:26  Probe (Chrono Boost)  
  57  11:30  Probe  
  58  11:45  Probe  
  59  11:56  Void Ray  
  63  12:05  Probe  
  60  13:10  Nexus  
  60  13:11  Pylon  
Show
View Real Time Build Order
Export as new Build Order

Akama Zerg 

Build Orders: Hatch First 

Get SALT Encoding   

  12  0:01  Drone  
  13  0:12  Overlord  
  13  0:17  Drone  
  14  0:31  Drone x2  
  14  0:35  Drone  
  17  0:55  Hatchery  
  17  0:56  Drone  
  17  1:03  Extractor  
  16  1:05  Drone  
  17  1:13  Drone  
  18  1:19  Overlord  
  18  1:30  Drone  
  19  1:36  Spawning Pool  
  18  1:40  Drone  
  19  1:50  Drone  
  20  2:00  Drone  
  21  2:14  Drone x2  
  23  2:25  Lair  
  23  2:27  Roach Warren  
  23  2:28  Drone  
  23  2:40  Zergling x2  
  24  2:50  Drone x3  
  26  3:06  Roach  
  26  3:12  Overlord  
  27  3:23  Hatchery  
  27  3:24  Roach  
  27  3:26  Ravager  
  29  3:35  Roach  
  31  3:45  Ravager  
  32  3:49  Overlord  
  32  3:57  Ravager  
  32  3:58  Extractor  
  32  4:04  Drone  
  32  4:05  Queen  
  32  4:06  Overlord  
  32  4:17  Roach  
  34  4:27  Roach  
  36  4:43  Roach  
  38  4:49  Queen  
  37  4:54  Queen  
  37  4:58  Overlord  
  39  5:00  Drone  
  39  5:01  Drone x3  
  43  5:10  Hatchery  
  42  5:23  Roach x3  
  42  5:26  Overlord  
  48  5:31  Drone  
  48  5:34  Drone  
  50  5:46  Ravager x2  
  50  5:47  Ravager  
  50  5:48  Roach x2  
  57  5:57  Roach x2  
  61  5:58  Queen  
  61  5:59  Drone  
  64  6:08  Roach x2  
  64  6:09  Zergling x4  
  70  6:15  Overlord  
  70  6:19  Zergling x2  
  70  6:22  Roach  
  73  6:29  Roach  
  75  6:43  Zergling x4  
  75  6:44  Overlord  
  77  6:49  Overlord  
  77  6:52  Overseer  
  77  6:53  Overseer  
  77  6:57  Zergling x8  
  77  6:59  Zergling x4  
  83  7:04  Zergling x2  
  84  7:16  Overlord  
  84  7:22  Spore Crawler  
  81  7:23  Spore Crawler  
  81  7:24  Spore Crawler  
  79  7:47  Spawning Pool  
  26  8:48  Zergling x4  
  26  8:49  Zergling x4  
  30  9:00  Spore Crawler  
  29  9:03  Drone x2  
  29  9:04  Spore Crawler  
  29  9:06  Drone  
  31  9:10  Zergling x2  
  32  9:47  Hatchery  
  26  11:10  Extractor  
  25  11:11  Extractor  
  24  11:33  Drone x3  
  24  11:36  Spawning Pool  
  24  11:39  Extractor x2  
  24  11:49  Drone  
  25  12:02  Hatchery  
  25  12:07  Drone x2  
  26  12:19  Drone x2  
  26  12:20  Drone  
  29  12:26  Spore Crawler  
  29  12:27  Queen  
  29  12:28  Spore Crawler, Drone  
  31  12:34  Spore Crawler  
  25  12:39  Drone  
  25  12:40  Drone  
  27  12:46  Spore Crawler  
  27  12:51  Spore Crawler  
  25  12:52  Drone  
  28  13:06  Drone  
Tags
 
Add a new tag
Caveats
  • Supply blocks, unpowered buildings, or Contaminate may cause inaccurate times.
  • Supply counts are checked every 10 seconds.